 Dungeon Crawl Stone Soup version 0.27.1-33-g824d729ab1 (webtiles) character file.

Game seed: 7911802041476762298

41 Kaptain the Digger (level 3, -2/22 HPs)
             Began as an Octopode Earth Elementalist on Dec 16, 2021.
             Slain by a gnoll (7 damage)
             ... on level 2 of the Dungeon.
             The game lasted 00:03:36 (1144 turns).

Kaptain the Digger (Octopode Earth Elementalist)    Turns: 1144, Time: 00:03:37

Health: -2/22      AC:  1    Str:  7    XL:     3   Next: 52%
Magic:  6/6        EV: 13    Int: 18    God:
Gold:   51         SH:  0    Dex: 12    Spells: 6/7 levels left

rFire    . . .     SeeInvis .   d - +1 dagger (flame)
rCold    . . .     Faith    .   (no shield)
rNeg     . . .     Spirit   .   (helmet restricted)
rPois    .         Reflect  .   (no amulet)
rElec    .         Harm     .   (no ring)
rCorr    .         Rampage  .   (no ring)
Will     .....                  (no ring)
Stlth    ++........             (no ring)
HPRegen  0.07/turn              (no ring)
MPRegen  0.10/turn              (no ring)
                                (no ring)
                                (no ring)

@: confused, lethally poisoned (-2 -> -3), ambrosia-drunk
A: almost no armour, amphibious, 8 rings, camouflage 1, gelatinous body 1,
(nimble swimmer 1), tentacles
a: no special abilities


You were on level 2 of the Dungeon.
You visited 1 branch of the dungeon, and saw 2 of its levels.

You collected 51 gold pieces.

Inventory:

Hand Weapons
 d - a +1 dagger of flaming (weapon)
 e - a +0 dagger of venom
Missiles
 b - 53 stones
Potions
 c - a potion of curing {unknown}
 f - a potion of haste {unknown}


   Skills:
 + Level 0.7 Fighting
 + Level 2.1 Dodging
 + Level 3.0 Stealth
 * Level 2.5 Spellcasting
 + Level 1.3 Transmutations
 * Level 3.4 Earth Magic


You had 6 spell levels left.
You knew the following spells:

 Your Spells              Type           Power      Damage    Failure   Level
a - Sandblast             Erth           28%        2d8       4%          1

Your spell library contained the following spells:

 Spells                   Type           Power      Damage    Failure   Level
 Passwall                 Tmut/Erth      8%         N/A       10%         2
 Stone Arrow              Conj/Erth      16%        3d8       26%         3
 Petrify                  Tmut/Erth      10%        N/A       54%         4


Dungeon Overview and Level Annotations

Branches:
Dungeon (2/15)

Altars:


Innate Abilities, Weirdness & Mutations

You cannot wear most types of armour.
You are amphibious.
You can wear up to eight rings at the same time.
Your skin changes colour to match your surroundings (Stealth+).
Your rubbery body absorbs attacks. (AC +1, EV +1)
((You are camouflaged near water. (Stealth+)))
You have tentacles for arms and can constrict up to eight enemies at once.


Message History

You kill the adder!
You feel sick.
Your Stealth skill increases to level 3!
Casting: Sandblast (safe; 4% risk of failure)
Confirm with . or Enter, or press ? or * to list all spells.
Aiming: Sandblast (safe; 4% risk of failure)
Press: ? - help, Shift-Dir - straight line, f - gnoll
Aim: a gnoll, wielding a +0 whip (82% to hit)
The blast of sand misses the gnoll.
You feel sick. The gnoll completely misses you.
Unknown command.
Casting: Sandblast (safe; 4% risk of failure)
Confirm with . or Enter, or press ? or * to list all spells.
Aiming: Sandblast (safe; 4% risk of failure)
Press: ? - help, Shift-Dir - straight line, f/p - gnoll
Aim: a gnoll, wielding a +0 whip (82% to hit)
The blast of sand hits the gnoll.
The gnoll is moderately wounded.
You feel sick. The gnoll closely misses you.
Unknown command.
Casting: Sandblast (safe; 4% risk of failure)
Confirm with . or Enter, or press ? or * to list all spells.
Aiming: Sandblast (safe; 4% risk of failure)
Press: ? - help, Shift-Dir - straight line, f/p - gnoll
Aim: a gnoll, wielding a +0 whip (moderately wounded, 82% to hit)
The blast of sand hits the gnoll.
The gnoll is heavily wounded.
You feel sick. The gnoll hits you with a +0 whip.
Unknown command.
Casting: Sandblast (safe; 4% risk of failure)
Confirm with . or Enter, or press ? or * to list all spells.
You don't have enough magic to cast this spell.
Unknown command.
Unknown command.
It was a potion of ambrosia.
You are confused.
You feel invigorated.
You feel sick. The gnoll hits you with a +0 whip!
* * * LOW HITPOINT WARNING * * *
You bump into the rock wall.
You feel sick. The gnoll hits you with a +0 whip!
You die...

#..<..# #.#.# #
############.#.#.#
........#...#
#######..# #..#
####..# ..#g.#
#.#g.# #@#S.#
#g#..# ######g#..#
...........#
#######.#(##
#.#... #.####.#
#!. .# ### #


You could see 2 gnolls.

Vanquished Creatures
  An adder (D:2)
  6 ball pythons (D:1)
  4 bats (D:1)
  An endoplasm (D:1)
  A giant cockroach (D:1)
  2 goblins (D:1)
  4 hobgoblins
  3 kobolds (D:1)
  2 quokkas (D:1)
  4 rats (D:1)
28 creatures vanquished.

Vanquished Creatures (others)
  A hobgoblin (D:1)
1 creature vanquished.

Grand Total: 29 creatures vanquished

Notes
Turn   | Place    | Note
-------+----------+-------------------------------------------
     0 | D:1      | Kaptain the Octopode Earth Elementalist began the quest for
                  | the Orb.
     0 | D:1      | Reached XP level 1. HP: 11/11 MP: 3/3
   177 | D:1      | Reached XP level 2. HP: 17/17 MP: 0/5
   256 | D:1      | Found a faded altar of an unknown god.
   541 | D:1      | Reached XP level 3. HP: 4/22 MP: 0/6
  1144 | D:2      | Slain by a gnoll

Illustrated notes

Levels and vault maps discovered:
D:1:      dpeg_arrival_signposts, layout_rooms,
          hellmonk_ecumenical_altar_arch_garden, dk_noncrumbling_4,
          lemuel_old_faithful
D:2:      layout_basic, serial_shops, shop, uniq_natasha, uniq_robin

Skill      XL: |  1  2  3 |
---------------+----------+-----
Stealth        | 3 |  3.0
Fighting       | |  0.7
Dodging        | |  2.1
Spellcasting   | |  2.5
Transmutations | |  1.3
Earth Magic    | |  3.4

Action                   || total
-------------------------++-------
Melee: Constrict         ||     4
       Tentacles         ||     2
       Unarmed           ||     1
       Dagger            ||    11
 Cast: Sandblast         ||    35
  Use: Potion            ||     1
 Stab: Sleeping          ||     1
Armor: Skin              ||     1
Dodge: Dodged            ||    28
